AoeStats
← CrawlingInVomits

African Clearing

504646008Analyzed
2v2 RM · 27d ago on Sep 6, 2026· 79m 5s· 4 players
Game mode
Random Map
Map size
Medium (4 player)
Population
200
Speed
Normal
Resources
Standard
Victory
Conquest
Starting age
Dark Age
Ending age
Imperial Age
RankedLock teamsTeams togetherTeam positionsShared explorationLock speedFull tech treeHidden civsTurbo modeCheats
Victory
Defeat
1065
+16
🇺🇸 Slavs · United States
1040
+17
🇻🇪 Burmese · Venezuela
1081
-17
🇻🇪 Franks · Venezuela
1060
-16
CrawlingInVomits
10:42 Loom
11:42 Loom
14:17 Feudal Age
14:46 Man-at-Arms
17:48 Scale Mail Armor
17:58 Double-Bit Axe
18:41 Horse Collar
29:43 Wheelbarrow
39:44 Castle Age
39:22 Forging
39:05 Fletching
40:22 Pikeman
41:28 Squires
40:52 Long Swordsman
42:53 Iron Casting
43:35 Chain Mail Armor
45:50 Hand Cart
46:16 Stone Mining
46:46 Gold Mining
47:03 Heavy Plow
48:58 Gold Shaft Mining
48:35 Bow Saw
58:05 Imperial Age
56:36 Ballistics
59:11 Halberdier
59:14 Two-Handed Swordsman
64:02 Druzhina
64:12 Heavy Scorpion
66:32 Chemistry
65:04 Champion
66:20 Plate Mail Armor
66:51 Blast Furnace
67:34 Conscription
78:33 Bodkin Arrow
Virus 1.4 TURBO Monotributista
8:05 Loom
15:55 Feudal Age
21:06 Scale Mail Armor
21:17 Forging
24:55 Castle Age
25:07 Eagle Warrior
26:36 Chain Mail Armor
38:08 Iron Casting
41:41 Squires
42:40 Pikeman
51:32 Imperial Age
51:32 Wheelbarrow
60:15 Hand Cart
59:55 Elite Eagle Warrior
62:52 Plate Mail Armor
66:28 Blast Furnace
65:19 Fletching
65:29 Padded Archer Armor
64:52 Elite Skirmisher
69:05 Horse Collar
71:27 Garland Wars
72:43 Gambesons
72:44 Arson
72:59 Bodkin Arrow
73:19 Leather Archer Armor
73:53 Ballistics
74:34 Chemistry
74:48 Bracer
79:34 Heavy Plow
Pixipie3
16:42 Feudal Age
14:59 Loom
16:45 Feudal Age
18:34 Man-at-Arms
20:20 Horse Collar
21:25 Arson
24:24 Forging
24:16 Scale Mail Armor
31:52 Castle Age
32:03 Long Swordsman
33:22 Gambesons
33:38 Squires
34:57 Iron Casting
39:23 Chain Mail Armor
41:53 Gold Mining
43:43 Husbandry
45:07 Wheelbarrow
44:35 Heavy Plow
47:27 Hand Cart
47:55 Town Watch
53:38 Imperial Age
54:21 Gold Shaft Mining
53:45 Two-Handed Swordsman
57:40 Blast Furnace
57:11 Plate Mail Armor
58:00 Champion
66:18 Conscription
72:45 Onager
JoseH
9:13 Loom
15:36 Feudal Age
15:55 Man-at-Arms
29:03 Forging
33:53 Double-Bit Axe
36:42 Castle Age
39:00 Wheelbarrow
39:53 Husbandry
42:21 Scale Barding Armor
42:52 Iron Casting
45:17 Chain Barding Armor
47:42 Hand Cart
53:32 Imperial Age
51:37 Gold Mining
56:48 Cavalier
65:00 Caravan
66:44 Plate Barding Armor
Connection lost

Rejoining the realm…

Still unreachable

The connection could not be restored.

Session expired

The server has moved on; the page needs a fresh start.